 Dungeon Crawl Stone Soup version 0.32-a0-868-g153ae1a8d6 (webtiles) character file.

Game seed: 6316354505085620190

588 Biggs the Skirmisher (level 7, -13/50 HPs)
             Began as a Coglin Hunter on Mar 29, 2024.
             Killed from afar by a steam dragon (17 damage)
             ... with a ball of steam
             ... on level 5 of the Dungeon.
             The game lasted 00:04:53 (3382 turns).

Biggs the Skirmisher (Coglin Hunter)                Turns: 3382, Time: 00:04:54

Health: -13/50     AC:  4    Str: 11    XL:     7   Next: 38%
Magic:  7/7        EV: 11    Int:  9    God:
Gold:   270        SH:  0    Dex: 19    Spells: 6/6 levels left

rFire   . . .        a - +2 sling {Isabel}
rCold   . . .        d - +0 sling {Constanze}
rNeg    . . .        c - +0 leather armour
rPois   .            l - +0 helmet
rElec   .            (no cloak)
rCorr   .            (no gloves)
SInv    .            (no boots)
Will    .....        (amulet unavailable)
Stlth   ++           (ring unavailable)
HPRegen 0.28/turn    (ring unavailable)
MPRegen 0.10/turn    (no gizmo)

%: no passive effects
@: revved
A: off-hand wielding, slow wielding, warmup strikes, no jewellery
a: Invent Gizmo


You were on level 5 of the Dungeon.
You visited 1 branch of the dungeon, and saw 5 of its levels.

You collected 270 gold pieces.

Inventory:

Hand Weapons
 a - a +2 sling (weapon) {Isabel}
 d - a +0 sling (offhand) {Constanze}
Armour
 c - a +0 leather armour (worn)
 l - a +0 helmet (worn)
Wands
 q - a wand of light (12)
 u - a wand of flame (16)
Scrolls
 b - a scroll of butterflies
 g - 5 scrolls of identify {unknown}
 i - a scroll of brand weapon {unknown}
 k - a scroll of vulnerability {unknown}
 n - a scroll of torment {unknown}
 t - a scroll of teleportation {unknown}
Potions
 e - 5 potions of mutation {unknown}
 f - 3 potions of curing {unknown}
 h - a potion of heal wounds {unknown}
 j - 2 potions of brilliance {unknown}
 m - a potion of lignification {unknown}
 o - a potion of might {unknown}
 p - a potion of enlightenment {unknown}
 r - a potion of attraction {unknown}
 s - a potion of invisibility {unknown}


   Skills:
 - Level 2.0 Fighting
 + Level 8.0 Ranged Weapons
 - Level 1.7 Dodging
 - Level 0.7 Stealth


You had 6 spell levels left.
You didn't know any spells.
Your spell library contained the following spells:

 Spells                   Type           Power      Damage    Failure   Level
 Freeze                   Ice            0%         1d3       47%         1
 Blink                    Tloc           0%         N/A       63%         2
 Lesser Beckoning         Tloc           0%         N/A       63%         2
 Momentum Strike          Conj/Tloc      0%         3d8       63%         2
 Static Discharge         Conj/Air       0%         3-3/arc   63%         2
 Sublimation of Blood     Necr           0%         N/A       63%         2
 Frozen Ramparts          Ice            0%         1d1       85%         3
 Hailstorm                Conj/Ice       0%         3d5       85%         3
 Airstrike                Air            0%         2d(0-16)  99%         4
 Petrify                  Alch/Erth      0%         N/A       99%         4
 Summon Lightning Spire   Summ/Air       0%         N/A       99%         4
 Irradiate                Conj/Alch      0%         3d11      100%        5


Dungeon Overview and Level Annotations

Branches:
Dungeon (5/15)
 Temple: D:4-7

Altars:
Kikubaaqudgha
Qazlal
Sif Muna


Innate Abilities, Weirdness & Mutations

You can wield a second weapon in your off-hand.
It takes a long time for you to wield or remove held weapons.
Your first few attacks do less damage.
You cannot equip rings or amulets.


Message History

You shoot a sling bullet. The sling bullet hits the steam dragon.
The steam dragon is severely wounded.
You shoot a sling bullet.
The sling bullet hits the steam dragon but does no damage.
The steam dragon is severely wounded.
You are engulfed in a cloud of scalding steam.
A nearby fungus withers and dies.
The steam dragon bites you. The steam dragon claws you.
* * * LOW HITPOINT WARNING * * *
Unknown command.
You are too injured to fight recklessly!
You are too injured to fight recklessly!
Unknown command.
You are too injured to fight recklessly!
Unknown command.
Fire: a) +2 sling {Isabel}
Press: ? - help, Q - select action, (/) - cycle Shift-Dir - straight line, f/p - steam dragon
Aim: a steam dragon (severely wounded, catching its breath, 66% to hit)
You shoot a sling bullet. The sling bullet hits the steam dragon.
The steam dragon is severely wounded.
You shoot a sling bullet.
The sling bullet hits the steam dragon but does no damage.
The steam dragon is severely wounded.
You are engulfed in a cloud of scalding steam.
* * * LOW HITPOINT WARNING * * *
The steam dragon barely misses you. x2
Unknown command.
Fire: a) +2 sling {Isabel}
Press: ? - help, Q - select action, (/) - cycle Shift-Dir - straight line, f/p - steam dragon
Aim: a steam dragon (severely wounded, 66% to hit)
You shoot a sling bullet. The sling bullet hits the steam dragon.
The steam dragon is almost dead.
You shoot a sling bullet.
The sling bullet hits the steam dragon but does no damage.
The steam dragon is almost dead.
You are engulfed in a cloud of scalding steam.
* * * LOW HITPOINT WARNING * * *
The steam dragon breathes steam at you. The ball of steam hits you!
You die...

#......####
.#.PP...P...#..........
...P.ß..P..#.....#####
.PP...P...#.....#####
.....P...####.......
.PPP..# #.###### .....#
#.# #D§..#.# #.#
#@.....# #.#
#.#########.#
#§..........#
#############


You could see a steam dragon (catching breath).

Vanquished Creatures
  A black bear (D:5)
  A scorpion (D:4)
  A howler monkey (D:4)
  A bombardier beetle (D:4)
  An orc priest (D:4)
  Ijyb (D:3)
  A sleepcap (D:5)
  Jessica (D:2)
  3 iguanas (D:4)
  2 orc wizards
  Robin (D:2)
  An adder (D:3)
  2 dart slugs (D:4)
  A ribbon worm (D:2)
  10 orcs
  9 endoplasms
  2 giant cockroaches
  16 goblins
  10 hobgoblins
  7 jackals
  2 quokkas (D:1)
  11 ball pythons
  4 bats
  5 frilled lizards
  6 kobolds
  4 rats
104 creatures vanquished.

Notes
Turn   | Place    | Note
-------+----------+-------------------------------------------
     0 | D:1      | Biggs the Coglin Hunter began the quest for the Orb.
     0 | D:1      | Reached XP level 1. HP: 16/16 MP: 1/1
   211 | D:1      | Reached skill level 4 in Ranged Weapons
   211 | D:1      | Reached XP level 2. HP: 22/22 MP: 2/2
   641 | D:1      | Found a faded altar of an unknown god.
   781 | D:2      | Reached XP level 3. HP: 27/27 MP: 3/3
   908 | D:2      | Noticed Robin
   918 | D:2      | Killed Robin
   921 | D:2      | Reached skill level 5 in Ranged Weapons
   921 | D:2      | Reached XP level 4. HP: 30/33 MP: 4/4
   929 | D:2      | Noticed Jessica
   931 | D:2      | Killed Jessica
  1587 | D:3      | Reached XP level 5. HP: 38/38 MP: 5/5
  2112 | D:3      | Noticed Ijyb
  2117 | D:3      | Reached skill level 6 in Ranged Weapons
  2122 | D:3      | Killed Ijyb
  2211 | D:4      | Found a stormy altar of Qazlal.
  2244 | D:4      | Reached XP level 6. HP: 41/44 MP: 6/6
  2417 | D:4      | Reached skill level 7 in Ranged Weapons
  2916 | D:4      | Found an ancient bone altar of Kikubaaqudgha.
  2955 | D:4      | Reached XP level 7. HP: 49/50 MP: 7/7
  3252 | D:4      | Found a shimmering blue altar of Sif Muna.
  3282 | D:5      | Entered Level 5 of the Dungeon
  3321 | D:5      | Reached skill level 8 in Ranged Weapons
  3374 | D:5      | Noticed a steam dragon
  3382 | D:5      | Killed from afar by a steam dragon

Illustrated notes

Levels and vault maps discovered:
D:1:      nicolae_arrival_somewhat_less_tricky_arrival, layout_loops_cross,
          shapermc_ecumenical_altar_mp_highgroup
D:2:      layout_rooms, uniq_robin, uniq_jessica
D:3:      kennysheep_the_goblin_king, layout_basic
D:4:      layout_layer_cave, lemuel_blue_sif_altar,
          mainiacjoe_overflow_chevrons, lemuel_round_altar
D:5:      layout_basic, lemuel_tele_altar, serial_shops,
          nicolae_shop_tiny_real_fake_doors, dreamdust_mushroom_princess

Skill      XL: |  1  2  3  4  5  6  7 |
---------------+----------------------+-----
Ranged Weapons | 4 5 6 7 8 |  8.0
Fighting       | |  2.0
Dodging        | |  1.7
Stealth        | |  0.7

Action                     |  1- 3 |  4- 6 |  7- 9 || total
---------------------------+-------+-------+-------++-------
   Fire: Sling             |   146 |   276 |    46 ||   468
 Armour: Leather armour    |     5 |    28 |    11 ||    44
  Dodge: Dodged            |     8 |    32 |     5 ||    45

Table legend: (Time is in decaauts)
 A = Elapsed time spent in this place.
 B = Non-inter-level travel time spent in this place.
 C = Inter-level travel time spent in this place.
 D = Time resting spent in this place.
 E = Time spent auto-exploring this place.
 F = Levels seen in this place.
 G = Mean time per level.
                   A        B        C        D        E       F      G
               +--------+--------+--------+--------+--------+-----+--------+
         Total |   3417 |   3287 |    130 |      0 |   2844 |   5 |  683.4 |
       Dungeon |   3417 |   3287 |    130 |      0 |   2844 |   5 |  683.4 |
               +--------+--------+--------+--------+--------+-----+--------+

Top non-repeatable levels by time:
     D:4: 1077 daAuts
     D:3: 881 daAuts
     D:1: 727 daAuts
     D:2: 628 daAuts
     D:5: 100 daAuts
